 Dungeon Crawl Stone Soup version 0.30-a0-137-gd8773701ce (webtiles) character file.

Game seed: 9803915548568211123

64202 jimonade the Markself (level 14, -14/81 HPs)
             Began as a Deep Elf Hunter on Sept 23, 2022.
             Was the Champion of Hepliaklqana.
             Shot with an arrow by a naga sharpshooter (26 damage)
             ... on level 1 of the Snake Pit.
             The game lasted 01:04:08 (17306 turns).

jimonade the Markself (Deep Elf Hunter)            Turns: 17306, Time: 01:04:09

Health: -14/81     AC: 13    Str:  8    XL:     14   Next: 70%
Magic:  28/28      EV: 18    Int: 16    God:    Hepliaklqana [******]
Gold:   1215       SH:  0    Dex: 28    Spells: 22/29 levels left

rFire   . . .      SeeInvis .    a - +8 storm bow {elec, penet}
rCold   . . .      Faith    .    (shield currently unavailable)
rNeg    . . .      Spirit   .    H - +4 leather armour of Mewkoraj {Harm rPois rC- Will+}
rPois   +          Reflect  .    y - +0 helmet
rElec   .          Harm     +    (no cloak)
rCorr   .          Rampage  .    d - +2 pair of gloves
Will    ++...                    E - +0 pair of boots
Stlth   ++........               o - amulet of regeneration
HPRegen 1.03/turn                j - +6 ring of dexterity
MPRegen 0.21/turn                K - ring of protection from cold

@: no status effects
A: reduced essence
a: Renounce Religion, Recall Ancestor, Ancestor Identity, Transference, Idealise


You were on level 1 of the Snake Pit.
You worshipped Hepliaklqana.
Hepliaklqana was exalted by your worship.
You visited 5 branches of the dungeon, and saw 20 of its levels.
You also visited: Sewer and Ice Cave.

You collected 1215 gold pieces.

Inventory:

Hand Weapons
 a - the +8 storm bow (weapon) {elec, penet}
   (You acquired it on level 5 of the Lair of Beasts)

   Any ammunition fired from it occasionally discharges a powerful burst of
   electricity upon striking a foe.
   Any ammunition fired by it passes through the targets it hits, potentially
   hitting all targets in its path until it reaches maximum range.
 b - a +0 arbalest of venom
 Q - a +0 arbalest
Missiles
 e - 3 curare-tipped darts
 X - 3 throwing nets
Armour
 d - a +2 pair of gloves (worn)
 p - a +0 robe of cold resistance
 y - a +0 helmet (worn)
 E - a +0 pair of boots (worn)
 H - the +4 leather armour of Mewkoraj (worn) {Harm rPois rC- Will+}
   (You found it on level 7 of the Dungeon)

   rC:        It makes you vulnerable to cold.
   rPois:     It protects you from poison.
   Harm:      It increases damage dealt and taken.
   Will:      It increases your willpower.
Magical Staves
 Y - a staff of cold
Jewellery
 c - an amulet of guardian spirit
 g - a ring of protection from cold
 j - a +6 ring of dexterity (left hand)
 o - an amulet of regeneration (around neck)
 J - a ring of protection from fire
 K - a ring of protection from cold (right hand)
 L - a ring of see invisible
 R - an amulet of faith
 Z - a ring of resist corrosion
Wands
 m - a wand of roots (4)
 A - a wand of flame (14)
 N - a wand of mindburst (10)
 S - a wand of quicksilver (7)
 U - a wand of digging (14)
Scrolls
 k - a scroll of teleportation
 l - 4 scrolls of immolation
 t - 3 scrolls of magic mapping
 B - a scroll of butterflies
 G - 2 scrolls of amnesia
 I - 2 scrolls of silence
 O - 4 scrolls of identify
 P - 2 scrolls of enchant armour
 T - 2 scrolls of blinking
 V - a scroll of enchant weapon
Potions
 f - 4 potions of mutation
 h - 3 potions of brilliance
 n - 6 potions of curing
 q - 2 potions of magic
 r - 6 potions of heal wounds
 s - a potion of haste
 u - a potion of attraction {unknown}
 v - a potion of experience {unknown}
 w - 3 potions of resistance {unknown}
 x - 6 potions of lignification
 z - 5 potions of berserk rage
 C - 5 potions of ambrosia
 D - 3 potions of cancellation
 M - a potion of invisibility {unknown}
 W - 6 potions of flight
Miscellaneous
 i - a piece from Xom's chessboard (15/15)
 F - a condenser vane


   Skills:
 - Level 11.2 Fighting
 - Level 18.0 Ranged Weapons
 + Level 6.0 Armour
 + Level 7.1 Dodging
 - Level 1.2 Stealth
 + Level 8.4 Spellcasting
 * Level 10.2 Hexes
 - Level 10.7 Translocations
 * Level 6.4 Transmutations
 * Level 6.8 Evocations


You had 22 spell levels left.
You knew the following spells:

 Your Spells              Type           Power      Damage    Failure   Level
a - Blink                 Tloc           82%        N/A       1%          2
b - Portal Projectile     Hex/Tloc       80%        N/A       1%          3
c - Wereblood             Tmut           27%        N/A       1%          2

Your spell library contained the following spells:

 Spells                   Type           Power      Damage    Failure   Level
 Beastly Appendage        Tmut           54%        N/A       1%          1
 Lesser Beckoning         Tloc           41%        N/A       1%          3
 Manifold Assault         Tloc           41%        N/A       1%          4
 Ensorcelled Hibernation  Hex/Ice        46%        N/A       2%          2
 Dazzling Flash           Conj/Hex       46%        N/A       5%          3
 Passwall                 Tmut/Erth      14%        N/A       6%          2
 Spider Form              Tmut/Pois      17%        N/A       12%         3
 Freeze                   Ice            24%        1d5       14%         1
 Magic Dart               Conj           24%        1d4       14%         1
 Fulminant Prism          Conj/Hex       11%        3d9       17%         4
 Leda's Liquefaction      Hex/Erth       11%        N/A       17%         4
 Searing Ray              Conj           12%        2d4       22%         2
 Ice Form                 Ice/Tmut       17%        N/A       36%         4
 Call Canine Familiar     Summ           6%         N/A       41%         3
 Frozen Ramparts          Ice            12%        1d2       41%         3
 Swiftness                Air            6%         N/A       41%         3
 Silence                  Hex/Air        11%        N/A       43%         5
 Hailstorm                Conj/Ice       6%         3d4       82%         4
 Agony                    Necr           6%         N/A       99%         5
 Simulacrum               Ice/Necr       3%         N/A       100%        6


Dungeon Overview and Level Annotations

Branches:
Dungeon (12/15)            Temple (1/1) D:5            Lair (5/5) D:10
 Shoals (1/4) Lair:2        Snake (1/4) Lair:2        Slime (0/5) Lair:4
  Sewer (visited)           IceCv (visited)
    Orc: D:9-12

Altars:
Ashenzari
Cheibriados
Dithmenos
Elyvilon
Fedhas
Gozag
Hepliaklqana
Kikubaaqudgha
Makhleb
Nemelex Xobeh
Okawaru
Qazlal
Ru
Sif Muna
Trog
Uskayaw
Vehumet
Wu Jian
Xom
Yredelemnul
Zin
The Shining One
Jiyva

Shops:
D:5 *   D:8 !

Portals:
Gauntlet: D:12

Annotations:
D:11 exclusion: 3 downstairs
D:12 Psyche
Lair:2 exclusion: 2 downstairs


Message History

The arrow pierces through the black mamba!
The black mamba is almost dead.
The arrow barely misses the naga sharpshooter.
The black mamba closely misses you.
The naga no longer looks unusually strong.
The black mamba bites you but does no damage.
You shoot an arrow.
The arrow pierces through the black mamba!
You kill the black mamba!
The arrow barely misses the naga sharpshooter.
You shoot an arrow.
The arrow pierces through the naga sharpshooter.
The naga sharpshooter is severely wounded.
The naga sharpshooter shoots an arrow.
The arrow hits you!
You shoot an arrow. The arrow pierces through the naga.
The naga is lightly wounded.
The naga sharpshooter spits poison at you.
The splash of poison misses you.
The naga sharpshooter shoots an arrow.
The arrow hits you!
You are too injured to fight recklessly!
You are too injured to fight recklessly!
Unknown command.
Fire: a) +8 storm bow {elec, penet}
Press: ? - help, Q - select action, (/) - cycle Shift-Dir - straight line, f/p - naga
Aim: a naga, wielding a +0 long sword (lightly wounded, 78% to hit)
You shoot an arrow. The arrow pierces through the naga!!
The naga is almost dead.
The naga sharpshooter shoots an arrow.
The arrow hits you!
* * * LOW HITPOINT WARNING * * *
The naga sharpshooter shoots an arrow.
The arrow hits you!
* * * LOW HITPOINT WARNING * * *
You close the door.
As you read the scroll of teleportation, it crumbles to dust.
You feel strangely unstable.
Your surroundings suddenly seem different.
A salamander comes into view.
It is wielding a +4 trident of freezing.
The naga sharpshooter spits poison at you.
The splash of poison misses you.
The naga sharpshooter shoots an arrow.
The arrow hits you!!
You die...

#.N.#.#.# .... ###
#...#.###### ..# .#
#)..#....... #.# #.#
#.#........# #.###.#
#.#........# #.....#
#N#'#N.....####.....#
#.N.N..>..)...).....#
##...####..).##.)...#
#..@# #....##.....+
##+#####....###....#
#..........# ###..)
#.......#### #.##
#.......########.<#
#.......'.........#
##......#########.#
######## #.# #.#


You could see 2 naga sharpshooters, a salamander and a naga.

Vanquished Creatures
  A reaper (IceCv)
  A fire dragon (Lair:5)
  A hydra (Lair:5)
  A salamander tyrant (Snake:1)
  A catoblepas (Lair:5)
  Erica (Lair:2)
  A two-headed ogre (D:10)
  An anaconda (Snake:1)
  4 death yaks (Lair:3)
  5 naga warriors (Snake:1)
  A salamander mystic (Snake:1)
  A naga ritualist (Snake:1)
  A lindwurm (Lair:5)
  2 fauns (Shoals:1)
  An oklob plant (Lair:2)
  A manticore (D:12)
  3 mana vipers (Snake:1)
  4 elephants (Lair:3)
  2 salamanders (Snake:1)
  A cyclops (D:12)
  2 ugly things
  A merfolk siren (Lair:2)
  An ice statue (IceCv)
  7 centaur zombies (D:11)
  2 molten gargoyles (Lair:5)
  14 black mambas
  2 naga magi (Snake:1)
  2 guardian serpents (Snake:1)
  5 cane toads
  2 unseen horrors (D:11)
  4 rime drakes
  6 ice devils (IceCv)
  10 komodo dragons
  A merfolk (Shoals:1)
  A polar bear (Lair:5)
  A hornet (D:7)
  12 blink frogs
  9 dream sheep (Lair:4)
  2 shadows (D:11)
  A vampire (D:11)
  36 yaks
  11 wyverns
  2 wraiths (D:11)
  A dire elephant simulacrum (IceCv)
  Eustachio (D:4)
  5 basilisks
  2 vampire mosquitoes (D:10)
  4 steam dragons
  5 nagas (Snake:1)
  3 hell hounds (Lair:5)
  13 water moccasins
  A hydra simulacrum (IceCv)
  4 ice beasts
  4 orc warriors
  A black bear (D:5)
  3 sky beasts
  13 wolves
  2 ogres
  A centaur (D:7)
  The ghost of Splishie the Destroyer, an amateur GnWn of Ignis (D:3)
  5 bullfrogs
  A necrophage (D:7)
  3 scorpions
  2 two-headed ogre simulacra (IceCv)
  An elephant simulacrum (IceCv)
  An electric eel (Lair:2)
  3 howler monkeys (D:8)
  4 lava snakes
  3 hounds
  2 jellies
  5 orc priests
  A boggart zombie (D:11)
  3 iguanas
  9 orc wizards
  2 spriggan simulacra (IceCv)
  2 polar bear simulacra (IceCv)
  12 gnolls
  A naga simulacrum (IceCv)
  8 adders
  2 river rats
  A shadow imp (D:5)
  8 white imps
  12 worms
  3 dart slugs
  36 orcs
  8 endoplasms
  A giant cockroach (D:4)
  4 hobgoblins
  2 quokkas
  11 ball pythons
  5 bats (D:1)
  A frilled lizard (D:3)
  7 goblins
  13 kobolds
  9 rats
423 creatures vanquished.

Vanquished Creatures (collateral kills)
  2 hydras (Lair:5)
  2 death yaks (Lair:3)
  A naga sharpshooter (Snake:1)
  A centaur zombie (D:11)
  A merfolk siren (Shoals:1)
  A salamander (Snake:1)
  An elephant (Lair:3)
  2 black mambas (Lair:5)
  An ice statue (IceCv)
  An ice devil (IceCv)
  A merfolk (Lair:2)
  3 dream sheep (Lair:4)
  2 vampires (D:11)
  A wraith (D:11)
  6 yaks
  A wyvern (D:7)
  Grum (Lair:1)
  3 vampire mosquitoes
  2 nagas (Snake:1)
  A hydra simulacrum (IceCv)
  A hell hound (Lair:5)
  2 water moccasins (D:7)
  An orc warrior (D:10)
  An ogre (D:3)
  2 wolves (Lair:4)
  2 centaurs (D:8)
  A phantom (D:6)
  A kobold brigand (D:8)
  A gnoll sergeant (D:10)
  A cane toad simulacrum (IceCv)
  2 elephant simulacra (IceCv)
  An orc priest (D:6)
  An iguana (D:6)
  3 orc wizards
  A shadow imp (D:6)
  2 white imps (IceCv)
  An ufetubus (IceCv)
  5 orcs
  A kobold (D:8)
  3 butterflies
67 creatures vanquished.

Vanquished Creatures (others)
  8 knights
  21 fungi
  16 plants
  7 withered plants (D:11)
52 creatures vanquished.

Grand Total: 542 creatures vanquished

Notes
Turn   | Place    | Note
-------+----------+-------------------------------------------
     0 | D:1      | jimonade the Deep Elf Hunter began the quest for the Orb.
     0 | D:1      | Reached XP level 1. HP: 12/12 MP: 3/3
   231 | D:1      | Reached XP level 2. HP: 16/16 MP: 4/4
   257 | D:1      | Reached skill level 6 in Ranged Weapons
   960 | D:2      | Reached XP level 3. HP: 20/20 MP: 5/5
  1063 | D:2      | Identified the +8 dagger "Ciutri" {drain, rN+}
  1152 | D:2      | Found a faded altar of an unknown god.
  1411 | D:2      | Reached skill level 7 in Ranged Weapons
  1716 | D:3      | Reached XP level 4. HP: 21/25 MP: 6/6
  1978 | D:3      | Noticed an ogre
  1979 | D:3      | Found a transporter.
  1979 | D:3      | Noticed Splishie's ghost (amateur GnWn)
  1980 | D:3      | Noticed an ogre
  1999 | D:3      | Found a transporter.
  2350 | D:3      | Noticed a shadow
  2351 | D:3      | Found a shadowy altar of Dithmenos.
  2352 | D:3      | Found a hazy altar of Hepliaklqana.
  2574 | D:4      | Reached skill level 8 in Ranged Weapons
  2728 | D:4      | Reached XP level 5. HP: 28/29 MP: 7/7
  2825 | D:4      | Noticed Eustachio
  2841 | D:4      | Killed Eustachio
  2842 | D:4      | Reached skill level 9 in Ranged Weapons
  2842 | D:4      | Reached XP level 6. HP: 32/34 MP: 8/8
  2889 | D:4      | Reached skill level 10 in Ranged Weapons
  3003 | D:4      | Found a glowing drain.
  3007 | Sewer    | Entered a sewer
  3535 | D:4      | Found a glowing silver altar of Zin.
  3547 | D:4      | Noticed a steam dragon
  3612 | D:4      | Reached skill level 11 in Ranged Weapons
  3612 | D:4      | Reached XP level 7. HP: 38/38 MP: 9/9
  3919 | D:5      | Entered Level 5 of the Dungeon
  3986 | D:5      | Found a staircase to the Ecumenical Temple.
  3993 | Temple   | Entered the Ecumenical Temple
  4188 | D:3      | Became a worshipper of Hepliaklqana the Forgotten
  4474 | D:5      | Reached skill level 12 in Ranged Weapons
  4502 | D:5      | Found a radiant altar of Vehumet.
  4562 | D:5      | Found a sacrificial altar of Ru.
  4675 | D:5      | Found Paf Caas's Assorted Antiques.
  4840 | D:6      | Reached * piety under Hepliaklqana
  4856 | D:6      | Reached skill level 13 in Ranged Weapons
  4856 | D:6      | Reached XP level 8. HP: 38/38 MP: 10/10
  5246 | D:6      | Reached skill level 14 in Ranged Weapons
  5472 | D:6      | Reached ** piety under Hepliaklqana
  5473 | D:6      | Remembered your ancestor Schminn as a knight
  5508 | D:6      | Reached skill level 15 in Ranged Weapons
  5732 | D:7      | Reached XP level 9. HP: 42/42 MP: 11/11
  5740 | D:7      | Identified the +4 leather armour of Mewkoraj {Harm rPois
                  | rC- Will+}
  5799 | D:7      | Reached skill level 16 in Ranged Weapons
  5881 | D:7      | Found a broken altar of Ashenzari.
  5901 | D:7      | Reached skill level 1 in Armour
  6014 | D:7      | Identified the +8 falchion of Ruination {holy, rC+}
  6073 | D:7      | Found a white marble altar of Elyvilon.
  6659 | D:7      | Reached skill level 1 in Spellcasting
  6659 | D:7      | Reached skill level 1 in Translocations
  6785 | D:8      | Found a shimmering blue altar of Sif Muna.
  6869 | D:8      | Found Wyipojyr's Distillery.
  7340 | D:8      | Learned a level 2 spell: Blink
  7352 | D:9      | Reached *** piety under Hepliaklqana
  7598 | D:9      | Reached XP level 10. HP: 52/52 MP: 17/17
  7766 | D:9      | You fall into a shaft and drop 1 floor!
  7766 | D:10     | Entered Level 10 of the Dungeon
  7892 | D:10     | Reached skill level 5 in Fighting
  7939 | D:10     | Noticed a purple ugly thing
  7945 | D:10     | Killed a purple ugly thing
  7946 | D:10     | Reached skill level 5 in Translocations
  8160 | D:10     | Reached **** piety under Hepliaklqana
  8263 | D:10     | Found a staircase to the Lair.
  8266 | D:10     | Noticed a two-headed ogre
  8273 | D:10     | Killed a two-headed ogre
  8427 | Lair:1   | Entered Level 1 of the Lair of Beasts
  8445 | Lair:1   | Noticed a cane toad
  8596 | D:11     | Reached XP level 11. HP: 59/59 MP: 18/18
  8601 | D:11     | Reached skill level 17 in Ranged Weapons
  8714 | D:11     | Noticed a green ugly thing
  8724 | D:10     | HP: 2/59 [vampire mosquito (6)]
  9128 | D:11     | Killed a green ugly thing
  9692 | D:12     | Reached skill level 18 in Ranged Weapons
  9728 | D:12     | Noticed a two-headed ogre
  9729 | D:12     | Noticed Psyche
  9729 | D:12     | Noticed a two-headed ogre
  9788 | D:12     | Noticed a skeletal warrior
  9788 | D:12     | Noticed a skeletal warrior
  9788 | D:12     | Noticed a skeletal warrior
  9788 | D:12     | Found a gate leading to a gauntlet.
 10396 | D:3      | Killed Splishie's ghost
 10794 | Lair:1   | Reached skill level 1 in Hexes
 10945 | Lair:1   | Noticed Grum
 10948 | Lair:1   | Reached XP level 12. HP: 65/65 MP: 20/20
 10953 | Lair:1   | Killed Grum
 11086 | Lair:1   | Reached ***** piety under Hepliaklqana
 11447 | Lair:2   | Found a staircase to the Snake Pit.
 11461 | Lair:2   | Learned a level 3 spell: Portal Projectile
 11693 | Lair:2   | Found a staircase to the Shoals.
 11722 | Lair:2   | Reached skill level 5 in Armour
 12012 | Lair:2   | Noticed Erica
 12017 | Lair:2   | Killed Erica
 12169 | Lair:3   | Reached skill level 5 in Hexes
 12192 | Lair:3   | Found a frozen archway.
 12214 | IceCv    | Entered an ice cave
 12358 | IceCv    | Reached skill level 5 in Dodging
 12837 | IceCv    | Noticed a reaper
 12860 | IceCv    | Killed a reaper
 12861 | IceCv    | Reached skill level 5 in Spellcasting
 13110 | Lair:3   | Noticed a death yak
 13116 | Lair:3   | Killed a death yak
 13116 | Lair:3   | Noticed a death yak
 13116 | Lair:3   | Noticed a death yak
 13117 | Lair:3   | Noticed a death yak
 13118 | Lair:3   | Noticed a death yak
 13121 | Lair:3   | Noticed a death yak
 13317 | Lair:3   | Reached skill level 10 in Fighting
 13317 | Lair:3   | Reached XP level 13. HP: 73/73 MP: 22/22
 14082 | Lair:3   | Found a blossoming altar of Fedhas.
 14194 | Lair:3   | Reached skill level 1 in Evocations
 14203 | Lair:3   | Reached skill level 10 in Translocations
 14609 | Lair:4   | Found a viscous altar of Jiyva.
 14611 | Lair:4   | Found a staircase to the Slime Pits.
 14635 | Lair:4   | Reached skill level 1 in Transmutations
 15386 | Lair:5   | Entered Level 5 of the Lair of Beasts
 15527 | Lair:5   | Identified a scroll of acquirement
 15527 | Lair:5   | Acquired the +8 storm bow {elec, penet}
 15527 | Lair:5   | Found the +8 storm bow {elec, penet}
 15931 | Lair:5   | Reached XP level 14. HP: 80/81 MP: 26/26
 15944 | Lair:5   | Reached ****** piety under Hepliaklqana
 16048 | Lair:5   | Reached skill level 5 in Evocations
 16058 | Lair:5   | Learned a level 2 spell: Wereblood
 16060 | Lair:5   | Found a large runed translucent door.
 16061 | Lair:5   | Found a large runed translucent door.
 16615 | Shoals:1 | Entered Level 1 of the Shoals
 16683 | Snake:1  | Entered Level 1 of the Snake Pit
 16776 | Snake:1  | Reached skill level 5 in Transmutations
 17198 | Snake:1  | Reached skill level 10 in Hexes
 17306 | Snake:1  | Shot with an arrow by a naga sharpshooter

Illustrated notes

Levels and vault maps discovered:
D:1:      elethiomel_arrival_maze, layout_loops_ring
D:2:      layout_loops_ring, ebering_ecumenical_altar_abandoned
D:3:      layout_basic, riverfiend_overflow_shadow_ancestor,
          gammafunk_ghost_smash
D:4:      layout_rooms, mainiacjoe_overflow_concentric_impassable,
          gup_sewer_entry_spiral, chequers_serial_rivers_micro_e, uniq_eustachio
D:5:      layout_cave_pools, kennysheep_little_box, lemuel_doored_altar,
          minmay_temple_entry_purple_smoke, serial_shops, shop,
          kennysheep_generic_room_6
D:6:      layout_cave_pods
D:7:      layout_layer_cave, elyvilon_altar_5, mainiacjoe_overflow_24_doors
D:8:      layout_loops_cross, mainiacjoe_overflow_six_doors_small, serial_shops,
          nicolae_take_the_stairs
D:9:      nicolae_cairo_tiling_large_dashed, layout_small_grid
D:10:     layout_roguey, lair_entry_dummy, chequers_serial_rivers_micro_a,
          serial_park_tiny_2
D:11:     layout_long_grid, serial_undead, serial_undead_f, serial_undead_f,
          serial_undead_b, serial_undead_b, serial_undead_c, serial_undead_d,
          serial_undead_c, serial_undead_b, serial_undead_e, serial_undead_d,
          kennysheep_generic_room_4
D:12:     layout_cross, orc_0_dummy, gauntlet_entry_generic, uniq_psyche,
          uniq_jorgrun, uniq_josephine, uniq_gastronok
Temple:   nicolae_temple_superstar
Lair:1:   layout_long_grid, uniq_grum
Lair:2:   layout_loops_ring, elwin_shoals_entry_rooms, dummy_snake_entry,
          lemuel_fruit_fields, uniq_erica
Lair:3:   layout_regular_city, portal_ice_cave_rime, basic_altar,
          infiniplex_staircase_pool, lemuel_fruit_fields
Lair:4:   layout_misc_corridors, slime_entry_1
Lair:5:   cheibrodos_lair_end_hotspot, layout_regular_city, lemuel_fruit_tree
Shoals:1: layout_shoals, nicolae_shoals_wave_tunnel, uniq_donald, uniq_frances,
          uniq_nikola
Snake:1:  layout_basic

Skill      XL: |  1  2  3  4  5  6  7  8  9 10 11 12 13 14 |
---------------+-------------------------------------------+-----
Ranged Weapons | 6 7 8 9 11 13 15 16 18 | 18.0
Fighting       | 4 6 8 10 11 | 11.2
Armour         | 3 4 5 6 |  6.0
Spellcasting   | 3 4 5 7 8 |  8.4
Translocations | 3 6 7 9 10 | 10.7
Dodging        | 4 5 6 7 |  7.1
Hexes          | 2 6 8 10 | 10.2
Evocations     | 4 6 |  6.8
Transmutations | 4 6 |  6.4
Stealth        | |  1.2

Action                   |  1- 3 |  4- 6 |  7- 9 | 10-12 | 13-15 || total
-------------------------+-------+-------+-------+-------+-------++-------
Melee: Dagger            |     4 |    81 |    24 |       |       ||   109
       Punch             |       |     1 |       |       |       ||     1
 Fire: Shortbow          |    81 |    75 |   264 |    40 |       ||   460
       Arbalest          |       |       |       |   366 |   170 ||   536
       Longbow           |       |       |       |       |   189 ||   189
 Cast: Blink             |       |       |       |     4 |     5 ||     9
       Portal Projectile |       |       |       |     1 |     9 ||    10
       Wereblood         |       |       |       |       |     1 ||     1
Invok: Ancestor Life: Kn |       |       |     1 |       |       ||     1
       Ancestor Identity |       |       |     1 |       |       ||     1
       Recall Ancestor   |       |       |       |     8 |     8 ||    16
       Transference      |       |       |       |       |     3 ||     3
Evoke: Wand              |       |       |       |     5 |       ||     5
  Use: Scroll            |       |     7 |     4 |    14 |     4 ||    29
       Potion            |       |       |       |     2 |       ||     2
 Stab: Sleeping          |       |     3 |       |       |       ||     3
Armor: Leather armour    |     7 |    20 |     8 |    52 |    21 ||   108
Dodge: Dodged            |    23 |    66 |    21 |    85 |    59 ||   254

Table legend: (Time is in decaauts)
 A = Elapsed time spent in this place.
 B = Non-inter-level travel time spent in this place.
 C = Inter-level travel time spent in this place.
 D = Time resting spent in this place.
 E = Time spent auto-exploring this place.
 F = Levels seen in this place.
 G = Mean time per level.
                   A        B        C        D        E       F      G
               +--------+--------+--------+--------+--------+-----+--------+
         Total |  17414 |  15913 |   1501 |   2027 |   9728 |  22 |  791.5 |
       Dungeon |  10238 |   9144 |   1094 |   1016 |   6076 |  12 |  853.2 |
        Temple |    131 |    113 |     18 |      0 |    100 |   1 |  131.0 |
          Lair |   5163 |   4776 |    387 |    514 |   3066 |   5 | 1032.6 |
        Shoals |     31 |     31 |      0 |     23 |      0 |   1 |   31.0 |
     Snake Pit |    610 |    610 |      0 |    103 |    175 |   1 |  610.0 |
         Sewer |    354 |    354 |      0 |      2 |    237 |   1 |  354.0 |
      Ice Cave |    883 |    883 |      0 |    368 |     74 |   1 |  883.0 |
               +--------+--------+--------+--------+--------+-----+--------+

Top non-repeatable levels by time:
  Lair:3: 1209 daAuts
  Lair:2: 1174 daAuts
  Lair:5: 1160 daAuts
     D:3: 1143 daAuts
    D:10: 1132 daAuts
     D:4: 1044 daAuts
     D:2: 1028 daAuts
     D:7: 1026 daAuts
    D:11: 973 daAuts
  Lair:4: 884 daAuts
   IceCv: 883 daAuts
     D:6: 850 daAuts
     D:1: 850 daAuts
     D:9: 757 daAuts
  Lair:1: 734 daAuts
